Map: Terraform LE (Void)

Players

Bram

  • Race: Protoss Protoss
  • League: Grandmaster

wabbajack - Winner!

  • Race: Zerg Zerg
  • League: Grandmaster

VOD

Have the link to the VOD?

Description

Time

  • Played on: July 15, 2015, 3:17 p.m.
  • Length: 5:49
Show
View Real Time Build Order
Export as new Build Order

Bram Protoss 

Build Orders: 1 Gate Expand 

Get SALT Encoding   

  12  0:01  Probe  
  13  0:15  Pylon  
  13  0:20  Probe  
  14  0:33  Probe  
  15  0:44  Gateway  
  15  0:45  Probe (Chrono Boost)  
  16  0:56  Probe (Chrono Boost)  
  17  1:08  Probe  
  18  1:20  Nexus  
  18  1:31  Pylon  
  18  1:45  Cybernetics Core  
  18  1:46  Probe  
  19  1:49  Assimilator  
  19  1:58  Probe  
  20  2:10  Gateway  
  20  2:13  Gateway  
  20  2:17  Probe  
  21  2:24  Assimilator  
  21  2:29  Probe  
  22  2:33  Probe  
  23  2:41  Probe  
  24  2:45  Probe  
  25  2:52  Zealot  
  25  2:53  Probe  
  25  2:54  Warp Gate  
  25  2:57  Probe (Chrono Boost)  
  30  3:09  Probe x2 (Chrono Boost)  
  31  3:14  Pylon  
  31  3:18  Probe (Chrono Boost)  
  33  3:20  Probe (Chrono Boost)  
  33  3:24  Sentry  
  33  3:27  Probe  
  36  3:29  Probe  
  37  3:37  Stalker  
  37  3:39  Stalker  
  41  3:41  Probe (Chrono Boost)  
  41  3:46  Assimilator  
  41  3:47  Probe (Chrono Boost)  
  43  3:50  Assimilator  
  43  3:51  Probe (Chrono Boost)  
  43  3:55  Probe (Chrono Boost)  
  45  3:57  Stargate  
  45  3:58  Probe  
  46  4:05  Probe  
  47  4:10  Probe  
  48  4:18  Probe  
  48  4:23  Probe  
  48  4:24  Stargate  
  50  4:30  Probe  
  51  4:35  Probe  
  51  4:37  Robotics Facility  
  52  4:41  Pylon  
  52  4:47  Fleet Beacon  
  52  4:50  Pylon  
  52  4:59  Probe  
  53  5:08  Void Ray (Chrono Boost)  
Show
View Real Time Build Order
Export as new Build Order

wabbajack Zerg - Winner!

Build Orders: Hatch First 

Get SALT Encoding   

  12  0:01  Drone  
  13  0:13  Overlord  
  13  0:17  Drone  
  14  0:24  Extractor  
  14  0:25  Drone  
  15  0:32  Drone  
  16  0:37  Drone  
  17  0:58  Hatchery  
  16  1:08  Drone x2, Extractor  
  17  1:22  Spawning Pool  
  17  1:23  Drone  
  17  1:24  Drone  
  18  1:30  Drone  
  19  1:41  Overlord  
  19  2:03  Drone  
  19  2:04  Drone  
  21  2:09  Queen  
  21  2:10  Queen  
  21  2:11  Metabolic Boost  
  25  2:16  Drone  
  25  2:19  Zergling x2  
  27  2:23  Drone  
  27  2:25  Drone  
  29  2:33  Drone  
  29  2:35  Drone  
  31  2:42  Roach Warren  
  31  2:43  Extractor  
  29  2:50  Queen  
  31  2:53  Drone x2  
  33  2:59  Pneumatized Carapace  
  33  3:03  Overlord  
  33  3:08  Overlord  
  34  3:12  Drone  
  34  3:28  Roach x4  
  34  3:30  Roach  
  44  3:43  Overlord  
  44  3:46  Roach x2  
  48  3:54  Roach x2  
  52  3:57  Overlord  
  52  4:04  Roach  
  52  4:07  Roach  
  56  4:13  Zergling x2  
  56  4:14  Zergling x4  
  56  4:15  Zergling x2  
  56  4:16  Zergling x2  
  61  4:17  Zergling x2  
  61  4:19  Zergling x2  
  63  4:25  Overlord  
  63  4:29  Overlord  
  63  4:51  Zergling x8  
  63  4:52  Zergling x8  
  71  5:06  Zergling x12  
  77  5:11  Ravager x2  
  77  5:12  Ravager x3  
  82  5:17  Overlord  
Tags
 
Add a new tag
Caveats
  • Supply blocks, unpowered buildings, or Contaminate may cause inaccurate times.
  • Supply counts are checked every 10 seconds.